 Dungeon Crawl Stone Soup version 0.29.0-11-gd7f09526c8 (webtiles) character file.

Game seed: 15064127237751628885

67 RascalDebosk the Vexing (level 3, -2/20 HPs)
             Began as a Deep Elf Arcane Marksman on Sept 3, 2022.
             Slain by Grinder (3 damage)
             ... on level 3 of the Dungeon.
             The game lasted 00:20:32 (2306 turns).

RascalDebosk the Vexing (Deep Elf Arcane Marksman)  Turns: 2306, Time: 00:20:33

Health: -2/20      AC:  3    Str:  7    XL:     3   Next: 98%
Magic:  8/8        EV: 13    Int: 17    God:
Gold:   127        SH:  0    Dex: 17    Spells: 5/6 levels left

rFire   . . .      SeeInvis .   a - +1 sling
rCold   . . .      Faith    .   (no shield)
rNeg    . . .      Spirit   .   g - +0 robe
rPois   .          Reflect  .   (no helmet)
rElec   .          Harm     .   e - +0 cloak
rCorr   .          Rampage  .   (no gloves)
Will    .....                   (no boots)
Stlth   ++........              (no amulet)
HPRegen 0.06/turn               (no ring)
MPRegen 0.11/turn               (no ring)

@: no status effects
A: no striking features
a: no special abilities


You were on level 3 of the Dungeon.
You visited 1 branch of the dungeon, and saw 3 of its levels.

You collected 141 gold pieces.
You spent 14 gold pieces at shops.

Inventory:

Hand Weapons
 a - a +1 sling (weapon)
 p - a +0 quarterstaff
Armour
 c - a +0 robe
 e - a +0 cloak (worn)
 g - a +0 robe (worn)
Jewellery
 l - a ring of poison resistance
Scrolls
 b - 2 scrolls of poison
 d - 4 scrolls of teleportation {unknown}
 f - 5 scrolls of identify {unknown}
 j - 2 scrolls of fear {unknown}
 m - a scroll of vulnerability {unknown}
 n - a scroll of noise {unknown}
 o - a scroll of amnesia {unknown}
Potions
 h - a potion of curing {unknown}
 i - a potion of lignification {unknown}
 k - a potion of degeneration
 q - 2 potions of flight {unknown}


   Skills:
 + Level 1.3 Fighting
 + Level 3.3 Ranged Weapons
 + Level 3.0 Dodging
 + Level 1.1 Stealth
 + Level 2.4 Spellcasting
 + Level 4.6 Hexes
 + Level 0.4 Translocations
 + Level 0.4 Fire Magic


You had 5 spell levels left.
You knew the following spells:

 Your Spells              Type           Power      Damage    Failure   Level
a - Slow                  Hex            68%        N/A       2%          1

Your spell library contained the following spells:

 Spells                   Type           Power      Damage    Failure   Level
 Inner Flame              Hex/Fire       10%        N/A       21%         3
 Portal Projectile        Hex/Tloc       20%        N/A       21%         3
 Scorch                   Fire           6%         2d5       24%         2
 Cause Fear               Hex            8%         N/A       28%         4
 Flame Wave               Conj/Fire      2%         2d4       86%         4
 Summon Cactus Giant      Summ           1%         N/A       100%        6


Dungeon Overview and Level Annotations

Branches:
Dungeon (3/15)

Altars:

Shops:
D:1 =!

Annotations:
D:3 Grinder


Message History

Fire: a) +1 sling
Press: ? - help, Q - select action, (/) - cycle Shift-Dir - straight line, f - orc
Aim: an orc, wielding a +0 hand axe (59% to hit)
You shoot a sling bullet. The sling bullet barely misses the orc.
The orc hits you with a +0 hand axe.
Fire: a) +1 sling
Press: ? - help, Q - select action, (/) - cycle Shift-Dir - straight line, f/p - orc
Aim: an orc, wielding a +0 hand axe (59% to hit)
You shoot a sling bullet. The sling bullet hits the orc!
You kill the orc!
Fire: a) +1 sling
Press: ? - help, Q - select action, (/) - cycle Shift-Dir - straight line, f - you Really target yourself? [Y]es or [N]o only, please.
Really target yourself?
Okay, then.
Things that are here:
a +0 hand axe; an orc corpse Grinder gestures at you.
You barely resist.
Fire: a) +1 sling
Press: ? - help, Q - select action, (/) - cycle Shift-Dir - straight line, f - Grinder
Aim: Grinder (55% to hit)
You shoot a sling bullet.
The sling bullet closely misses Grinder.
Fire: a) +1 sling
Press: ? - help, Q - select action, (/) - cycle Shift-Dir - straight line, f/p - Grinder
Aim: Grinder (55% to hit)
You shoot a sling bullet.
The sling bullet hits Grinder but does no damage.
Grinder hits you.
You writhe in agony.
Fire: a) +1 sling
Press: ? - help, Q - select action, (/) - cycle Shift-Dir - straight line, f/p - Grinder
Aim: Grinder (55% to hit)
You shoot a sling bullet. The sling bullet barely misses Grinder.
A rat comes into view.
Grinder hits you.
* * * LOW HITPOINT WARNING * * *
You writhe in agony.
You die...

.. .## ..# #...# ..#
#...# ..## #...# ...
#...# #####r#.##
####...####.##.)@5...# .
............##.##.#..#..
............##.# .......
............##.####..# .
####...##### #....ยง..#
#...# #.......# ####...#
##.###### .......#
####.#### ####...#
#.......#


You could see Grinder and a rat.

Vanquished Creatures
  3 adders (D:2)
  2 dart slugs (D:2)
  An orc (D:3)
  2 bats
  3 endoplasms (D:2)
  2 giant cockroaches
  3 goblins
  5 hobgoblins
  A quokka (D:2)
  2 ball pythons
  2 frilled lizards (D:2)
  7 kobolds
  A rat (D:3)
34 creatures vanquished.

Notes
Turn   | Place    | Note
-------+----------+-------------------------------------------
     0 | D:1      | RascalDebosk the Deep Elf Arcane Marksman began the quest
                  | for the Orb.
     0 | D:1      | Reached XP level 1. HP: 11/11 MP: 5/5
   873 | D:1      | Found Ryoleikk's Distillery.
   874 | D:1      | Found Huorphi's Jewellery Shoppe.
   879 | D:1      | Bought a potion of degeneration for 14 gold pieces
  1137 | D:2      | Reached skill level 1 in Fighting
  1137 | D:2      | Reached XP level 2. HP: 16/16 MP: 6/6
  1621 | D:2      | Reached XP level 3. HP: 18/20 MP: 8/8
  1769 | D:2      | Reached skill level 1 in Stealth
  2293 | D:3      | Noticed Grinder
  2306 | D:3      | HP: 1/20 [Grinder (6)]
  2306 | D:3      | Slain by Grinder

Illustrated notes

Levels and vault maps discovered:
D:1:      saegor_arrival_simple_b, layout_basic, serial_shops, shop, shop,
          minmay_misc_feat_secret_circle
D:2:      layout_basic
D:3:      layout_loops_cross, corexii_shack, uniq_grinder,
          uniq_crazy_yiuf_cottage, uniq_sigmund

Skill      XL: |  1  2  3 |
---------------+----------+-----
Fighting       | 1 |  1.3
Ranged Weapons | 3 |  3.3
Spellcasting   | 2 |  2.4
Stealth        | 1 |  1.1
Dodging        | 3 |  3.0
Hexes          | |  4.6
Translocations | |  0.4
Fire Magic     | |  0.4

Action                   || total
-------------------------++-------
 Fire: Sling             ||    91
 Cast: Slow              ||     8
Armor: Robe              ||     8
Dodge: Dodged            ||    31
